 Dungeon Crawl Stone Soup version 0.30.0-29-ga12c61a403 (webtiles) character file.

Game seed: 11839482432123556495

17 seaoflcl the Covered (level 2, -5/24 HPs)
             Began as a Human Fighter on June 5, 2023.
             Killed by divine providence
             ... invoked by an orc priest
              (13 damage)
             ... on level 4 of the Dungeon.
             The game lasted 00:01:26 (460 turns).

seaoflcl the Covered (Human Fighter)                 Turns: 460, Time: 00:01:26

Health: -5/24      AC:  9    Str: 16    XL:     2   Next: 80%
Magic:  2/2        EV:  4    Int:  8    God:
Gold:   63         SH:  4    Dex: 12    Spells: 1/1 levels left

rFire   . . .        a - +0 long sword
rCold   . . .        c - +0 buckler
rNeg    . . .        m - +0 chain mail
rPois   .            (no helmet)
rElec   .            (no cloak)
rCorr   .            (no gloves)
SInv    .            (no boots)
Will    .....        f - amulet of magic regeneration Stlth
                     (no ring)
HPRegen 0.24/turn    (no ring)
MPRegen 0.48/turn

%: no passive effects
@: constricted
A: no striking features
a: no special abilities


You were on level 4 of the Dungeon.
You visited 1 branch of the dungeon, and saw 4 of its levels.

You collected 63 gold pieces.

Inventory:

Hand Weapons
 a - a +0 long sword (weapon)
 d - a +0 short sword of freezing
Armour
 c - a +0 buckler (worn)
 m - a +0 chain mail (worn)
Jewellery
 f - an amulet of magic regeneration (around neck)
Scrolls
 e - a scroll of poison {unknown}
 g - a scroll of silence {unknown}
 j - 2 scrolls of teleportation {unknown}
 k - a scroll of immolation {unknown}
 l - 2 scrolls of identify {unknown}
Potions
 b - a potion of degeneration {unknown}
 h - a potion of mutation {unknown}
 i - a potion of flight {unknown}
 n - a potion of berserk rage {unknown}


   Skills:
 + Level 3.2 Fighting
 * Level 2.3 Long Blades
 + Level 3.2 Armour
 + Level 3.2 Shields


You had one spell level left.
You didn't know any spells.
Your spell library was empty.

Dungeon Overview and Level Annotations

Branches:
Dungeon (4/15)
 Temple: D:4-7

Altars:


Message History

You're too confused to move!
Unknown command.
You feel less confused.
b - a yellow potion
Found an escape hatch in the ceiling.
n - a sedimented silvery potion
Found a trident.
You now have 63 gold pieces (gained 17).
An orc wizard comes into view. It is wielding a +0 dagger.
The orc wizard shouts!
The orc wizard points at you and mumbles some strange words.
The magic dart hits you.
You hear a shout!
An orc wizard is nearby!
An orc comes into view. It is wielding a +0 short sword.
The orc shouts!
You hear a shout!
A ball python comes into view.
An orc priest comes into view. It is wielding a +0 trident.
The ball python hisses angrily.
The orc priest shouts!
You closely miss the ball python.
The ball python bites you but does no damage.
You block the ball python's attack.
The ball python bites you but does no damage.
You block the ball python's attack. You block the ball python's attack. x2
You barely miss the ball python.
The orc priest calls down the wrath of Beogh upon you.
Beogh smites you!
Ouch! That really hurt!
The ball python closely misses you. The ball python barely misses you.
You hit the ball python but do no damage.
You block the ball python's attack. The ball python grabs you.
The ball python constricts you. The orc hits you with a +0 short sword.
The ball python bites you but does no damage.
The ball python constricts you.
You closely miss the ball python. The orc hits you with a +0 short sword.
The orc priest invokes the aid of Beogh against you.
Beogh smites you!
Ouch! That really hurt!
You die...

. #...#)# .. ....#.#
##. #....#
....##....### .#
............### .##
...o..........###..##
#.....#.......##
###.....o........#
#......oS@........
.....#..#..o..<......
.....#...$......./...
..##...$............#
. #...#....#...#...##
#.#...............#
...##...............
#. ................
..#......<....###


You could see an orc priest, an orc wizard, an orc and a ball python.

Vanquished Creatures
  A dart slug (D:1)
  An orc (D:3)
  2 ball pythons (D:1)
  A goblin (D:1)
  A hobgoblin (D:1)
  A quokka (D:1)
  A bat (D:1)
  2 frilled lizards (D:1)
  4 kobolds (D:1)
  2 rats
16 creatures vanquished.

Notes
Turn   | Place    | Note
-------+----------+-------------------------------------------
     0 | D:1      | seaoflcl the Human Fighter began the quest for the Orb.
     0 | D:1      | Reached XP level 1. HP: 18/18 MP: 1/1
    46 | D:1      | Reached XP level 2. HP: 7/24 MP: 2/2
   318 | D:2      | You fall into a shaft and drop 1 floor!
   460 | D:4      | Killed from afar by an orc priest

Illustrated notes

Levels and vault maps discovered:
D:1:      amcnicky_arrival_choice, layout_rooms, serial_aquarium,
          aquarium_bridge_straight [aquarium_subvault_bridge,
          aquarium_subvault_window, aquarium_subvault_bridge,
          aquarium_subvault_window], aquarium_window_1, aquarium_window_fake,
          aquarium_window_fake, aquarium_window_1, aquarium_view_2f,
          aquarium_view_2d, aquarium_balcony_5b, aquarium_pool_1
D:2:      layout_basic, serial_shops, nicolae_shop_tiny_real_fake_doors,
          minmay_tromino_v2
D:3:      cheibrodos_fertilizer, layout_rooms, mainiacjoe_overflow_paths
D:4:      layout_rooms, vehumet_altar_wand_db, serial_shops, shop, uniq_natasha

Action                     || total
---------------------------++-------
  Melee: Long sword        ||    39
    Use: Potion            ||     1
 Armour: Scale mail        ||    28
         Chain mail        ||     3
  Dodge: Dodged            ||    38
  Block: Buckler           ||    20
